 Dungeon Crawl Stone Soup version 0.28-a0-533-g9f97627e2a (webtiles) character file.

Game seed: 13055571624112466535

5925 heikuro the Cleaver (level 10, -1/91 HPs)
             Began as a Minotaur Fighter on Sept 25, 2021.
             Was a Priest of Okawaru.
             Slain by a basilisk (4 damage)
             ... while petrified by a basilisk
             ... on level 8 of the Dungeon.
             The game lasted 00:13:52 (9989 turns).

heikuro the Cleaver (Minotaur Fighter)              Turns: 9989, Time: 00:13:53

Health: -1/91      AC: 14    Str: 23    XL:     10   Next: 53%
Magic:  12/12      EV:  2    Int:  5    God:    Okawaru [***...]
Gold:   383        SH:  0    Dex: 11    Spells: 9/9 levels left

rFire   . . .      SeeInvis .   a - +2 hand axe (elec)
rCold   + . .      Faith    .   J - +0 kite shield
rNeg    + + +      Spirit   .   t - +0 chain mail
rPois   ∞          Reflect  .   (helmet restricted)
rElec   .          Harm     .   I - +0 cloak
rCorr   .          Rampage  .   (no gloves)
Will    .....                   y - +0 pair of boots
Stlth   ..........              (no amulet)
HPRegen 0.25/turn               E - ring of positive energy
MPRegen 0.13/turn               H - ring of protection from cold

@: mighty, petrified
A: horns 2, retaliatory headbutt
a: Renounce Religion, Heroism


You were on level 8 of the Dungeon.
You worshipped Okawaru.
Okawaru was most pleased with you.
You visited 2 branches of the dungeon, and saw 10 of its levels.

You collected 383 gold pieces.

Inventory:

Hand Weapons
 a - a +2 hand axe of electrocution (weapon)
 b - the +3 hunting sling of the First Xenops {venom, *Slow rCorr Str+5 Int+4}
   (You found it on level 5 of the Dungeon)

   Any ammunition fired from it poisons the flesh of those it strikes.
   Str:       It affects your strength (+5).
   Int:       It affects your intelligence (+4).
   rCorr:     It protects you from acid and corrosion.
   *Slow:     It may slow you when you take damage.
 p - a +0 war axe
 s - a +5 trident of flaming
Missiles
 f - 34 poisoned darts (quivered)
 F - 67 sling bullets
Armour
 t - a +0 chain mail (worn)
 y - a +0 pair of boots (worn)
 I - a +0 cloak (worn)
 J - a +0 kite shield (worn)
Jewellery
 E - a ring of positive energy (left hand)
 H - a ring of protection from cold (right hand)
Wands
 r - a wand of flame (7)
 G - a wand of polymorph (16)
 K - a wand of acid (12)
Scrolls
 h - 4 scrolls of amnesia {unknown}
 j - 7 scrolls of identify {unknown}
 k - a scroll of enchant armour {unknown}
 l - 3 scrolls of fear {unknown}
 m - 3 scrolls of teleportation {unknown}
 o - 3 scrolls of noise {unknown}
 v - 3 scrolls of enchant weapon {unknown}
 w - a scroll of silence {unknown}
 x - a scroll of acquirement {unknown}
 D - 2 scrolls of torment {unknown}
Potions
 c - 2 potions of lignification {unknown}
 e - a potion of curing {unknown}
 g - 3 potions of brilliance {unknown}
 i - 2 potions of attraction {unknown}
 n - 4 potions of berserk rage {unknown}
 q - a potion of haste {unknown}
 u - a potion of degeneration {unknown}
 z - 2 potions of cancellation {unknown}
 A - a potion of heal wounds {unknown}
 B - a potion of flight {unknown}
 C - a potion of magic {unknown}


   Skills:
 + Level 9.1 Fighting
 * Level 11.9 Axes
 + Level 5.2 Slings
 + Level 9.0 Armour
 + Level 5.6 Shields
 + Level 4.7 Invocations


You had 9 spell levels left.
You didn't know any spells.
Your spell library contained the following spells:

 Spells                   Type           Power      Damage    Failure   Level
 Frozen Ramparts          Ice            0%         1d2       100%        3
 Portal Projectile        Hex/Tloc       0%         N/A       100%        3
 Teleport Other           Tloc           0%         N/A       100%        3
 Flame Wave               Conj/Fire      0%         3d3       100%        4
 Ice Form                 Ice/Tmut       0%         N/A       100%        4
 Blade Hands              Tmut           0%         N/A       100%        5
 Excruciating Wounds      Necr           0%         N/A       100%        5
 Ignition                 Fire           0%         3d3       100%        8
 Summon Ice Beast         Ice/Summ       Unusable   N/A       N/A         4

Dungeon Overview and Level Annotations

Branches:
Dungeon (9/15)             Temple (1/1) D:5
   Lair: D:8-11         Orc: D:9-12

Altars:
Cheibriados
Dithmenos
Elyvilon
Fedhas
Gozag
Hepliaklqana
Makhleb
Nemelex Xobeh
Okawaru
Qazlal
Ru
Vehumet
Wu Jian
Xom
Yredelemnul
Zin
The Shining One


Innate Abilities, Weirdness & Mutations

You have a pair of horns on your head.
You reflexively headbutt those who attack you in melee.


Message History

The wyvern bites you but does no damage.
The basilisk bites you.
* * * LOW HITPOINT WARNING * * *
The yak gores you.
* * * LOW HITPOINT WARNING * * *
The wyvern bites you but does no damage.
The water moccasin bites you but does no damage.
The basilisk bites you but does no damage.
The wyvern bites you.
* * * LOW HITPOINT WARNING * * *
The yak gores you.
* * * LOW HITPOINT WARNING * * *
The water moccasin bites you but does no damage.
The wyvern bites you but does no damage.
The basilisk bites you but does no damage.
The yak gores you.
* * * LOW HITPOINT WARNING * * *
The water moccasin bites you. The wyvern completely misses you.
The water moccasin bites you but does no damage.
The basilisk gazes at you. The wyvern bites you.
The yak gores you but does no damage.
You feel like a meek peon again.
The water moccasin bites you but does no damage.
The wyvern bites you but does no damage.
The basilisk bites you.
* * * LOW HITPOINT WARNING * * *
The yak gores you but does no damage.
The water moccasin bites you but does no damage.
The wyvern bites you but does no damage.
The basilisk gazes at you.
The water moccasin bites you but does no damage.
The wyvern bites you.
* * * LOW HITPOINT WARNING * * *
The yak gores you but does no damage. The wyvern bites you.
* * * LOW HITPOINT WARNING * * *
The water moccasin bites you but does no damage.
The basilisk bites you!
You die...

.######.#.#.#.........
..........#.#.#......#
..........#..........#
..........####.......#
#.#####.#............#
###. ##.######.......#
PP...###.........###...#
......S#.######..#......
......Y@†# #..#.#####
....(.♣ll# #..#.#...#
..P.. .S.# #.........
.... .P.P. #.####)###
♣.. ..♣.... #.........
.. ..PP..P.. ######.#.#
P .PP....♣##. #....††..#
.... .... ..#.#..#.#.#
#........#


You could see a yak, a basilisk, 2 water moccasins and a wyvern.

Vanquished Creatures
  2 centaur zombies
  A kobold demonologist (D:7)
  A komodo dragon (D:7)
  A troll (D:9)
  Prince Ribbit (D:6)
  8 yaks (D:8)
  2 wyverns (D:8)
  Eustachio (D:4)
  A steam dragon (D:7)
  A vampire mosquito (D:6)
  An acid dragon (D:7)
  Duvessa (D:5)
  2 water moccasins
  2 sky beasts (D:8)
  An orc warrior (D:8)
  2 black bears
  A necrophage (D:6)
  3 ogres
  A centaur (D:9)
  A kobold brigand (D:7)
  A gnoll sergeant (D:6)
  2 bullfrogs (D:9)
  3 scorpions
  A water moccasin zombie (D:6)
  Dowan (D:5)
  3 howler monkeys (D:7)
  A bullfrog zombie (D:7)
  2 jellies
  Crazy Yiuf (D:6)
  4 orc priests
  A gnoll shaman (D:7)
  4 hounds
  2 bullfrog skeletons
  2 iguanas
  Terence (D:3)
  An orc wizard (D:4)
  A killer bee zombie (D:7)
  A howler monkey zombie (D:7)
  Robin (D:2)
  8 adders
  12 gnolls
  A white imp (D:4)
  An ufetubus (D:6)
  A worm (D:2)
  2 dart slugs (D:1)
  17 orcs
  9 endoplasms
  2 giant cockroaches
  16 goblins
  9 hobgoblins
  3 jackals
  3 quokkas
  9 ball pythons
  6 bats
  4 frilled lizards (D:1)
  13 kobolds
  3 rats
186 creatures vanquished.

Vanquished Creatures (others)
  A wyvern zombie (D:7)
  An orc wizard (D:6)
  A gnoll (D:7)
  8 plants (D:8)
11 creatures vanquished.

Grand Total: 197 creatures vanquished

Notes
Turn   | Place    | Note
-------+----------+-------------------------------------------
     0 | D:1      | heikuro the Minotaur Fighter began the quest for the Orb.
     0 | D:1      | Reached XP level 1. HP: 19/19 MP: 0/0
   197 | D:1      | Reached XP level 2. HP: 22/27 MP: 1/1
   213 | D:1      | Reached skill level 3 in Axes
   792 | D:1      | Reached XP level 3. HP: 32/33 MP: 2/2
   827 | D:1      | Found a faded altar of an unknown god.
  1124 | D:2      | Noticed Robin
  1169 | D:2      | Killed Robin
  1385 | D:2      | Reached XP level 4. HP: 40/40 MP: 3/3
  1604 | D:2      | Reached skill level 4 in Axes
  2251 | D:3      | Found an ornate altar of the Wu Jian Council.
  2449 | D:3      | Noticed Terence
  2456 | D:3      | Killed Terence
  2457 | D:3      | Reached XP level 5. HP: 19/47 MP: 4/4
  3049 | D:4      | Noticed an ogre
  3053 | D:4      | Killed an ogre
  3054 | D:4      | Reached skill level 5 in Fighting
  3054 | D:4      | Reached skill level 5 in Axes
  3106 | D:4      | Reached skill level 5 in Armour
  3106 | D:4      | Reached XP level 6. HP: 49/56 MP: 5/5
  3284 | D:4      | Reached skill level 6 in Axes
  4041 | D:4      | Reached XP level 7. HP: 62/62 MP: 6/6
  4533 | D:5      | Entered Level 5 of the Dungeon
  4587 | D:5      | Noticed Duvessa
  4587 | D:5      | Noticed Dowan
  4612 | D:5      | Killed Duvessa
  4613 | D:5      | Reached skill level 7 in Axes
  4613 | D:5      | Killed Dowan
  4787 | D:5      | Noticed Eustachio
  4825 | D:4      | Killed Eustachio
  4826 | D:4      | Reached skill level 8 in Axes
  4833 | D:4      | Reached XP level 8. HP: 55/71 MP: 7/7
  5114 | D:5      | Identified the +3 hunting sling of the First Xenops {venom,
                  | *Slow rCorr Str+5 Int+4}
  5231 | D:5      | Found a staircase to the Ecumenical Temple.
  5244 | Temple   | Entered the Ecumenical Temple
  5469 | Temple   | Became a worshipper of Warmaster Okawaru
  5655 | D:6      | Reached skill level 1 in Slings
  5655 | D:6      | Reached skill level 1 in Invocations
  6033 | D:6      | Noticed Prince Ribbit
  6600 | D:6      | Found a runed translucent door.
  6601 | D:6      | Noticed Crazy Yiuf
  6627 | D:6      | Reached skill level 9 in Axes
  6645 | D:6      | Killed Prince Ribbit
  6645 | D:6      | Reached * piety under Okawaru
  7103 | D:6      | Killed Crazy Yiuf
  7196 | D:7      | Reached XP level 9. HP: 71/79 MP: 9/9
  7565 | D:7      | Reached skill level 10 in Axes
  8106 | D:7      | Noticed a komodo dragon
  8116 | D:6      | Reached ** piety under Okawaru
  8222 | D:7      | Killed a komodo dragon
  8395 | D:7      | Noticed a kobold demonologist
  8397 | D:7      | Noticed a soul eater
  8405 | D:7      | Killed a kobold demonologist
  8723 | D:7      | Got the Reference Book on the Twisted Blaze
  8751 | D:7      | Found a basalt altar of Yredelemnul.
  8884 | D:8      | Reached skill level 11 in Axes
  9036 | D:8      | You fall into a shaft and drop 1 floor!
  9126 | D:9      | Noticed a troll
  9141 | D:9      | Killed a troll
  9142 | D:9      | Reached XP level 10. HP: 49/90 MP: 10/12
  9537 | D:8      | Reached skill level 5 in Shields
  9616 | D:8      | Reached *** piety under Okawaru
  9634 | D:8      | Reached skill level 5 in Slings
  9989 | D:8      | HP: 3/91 [wyvern (3)]
  9989 | D:8      | Slain by a basilisk

Illustrated notes

Levels and vault maps discovered:
D:1:      scummos_arrival_forest, layout_loops_ring,
          shapermc_ecumenical_altar_acropolis, minmay_pentomino_z4
D:2:      layout_loops_corners, mrwooster_statue_mirror,
          minmay_misc_feat_diagonals, uniq_robin
D:3:      layout_basic, pdpol_wu_jian_five_deadly_venoms, uniq_terence
D:4:      layout_layer_cave
D:5:      layout_basic, minmay_temple_entry_hall, uniq_eustachio, uniq_duvessa
D:6:      layout_layer_cave, st_stairs_14, uniq_prince_ribbit1,
          uniq_crazy_yiuf_cottage
D:7:      minmay_blocky_corners, layout_cave_pools,
          lemuel_zombie_altar_yredelemnul
D:8:      layout_basic, nicolae_ashenzari_skybound, minmay_lair_entry_grove
D:9:      layout_irregular_city, nzn_overflow_gifts_of_might_and_magic
Temple:   regret_index_temple_generic_petals

Skill      XL: |  1  2  3  4  5  6  7  8  9 10 |
---------------+-------------------------------+-----
Axes           | 3 4 5 6 8 9 11 | 11.9
Fighting       | 4 5 6 7 8 9 |  9.1
Armour         | 4 5 6 7 8 9 |  9.0
Shields        | 4 5 |  5.6
Slings         | 2 4 5 |  5.2
Invocations    | 2 4 |  4.7

Action                   |  1- 3 |  4- 6 |  7- 9 | 10-12 || total
-------------------------+-------+-------+-------+-------++-------
Melee: War axe           |    74 |    35 |       |       ||   109
       Headbutt          |     8 |    10 |    32 |    15 ||    65
       Hand axe          |       |    19 |   109 |    64 ||   192
       Trident           |       |    55 |    50 |       ||   105
 Fire: Hunting sling     |       |       |    75 |     6 ||    81
Throw: Dart              |       |       |     2 |       ||     2
Invok: Heroism           |       |       |     2 |     3 ||     5
  Use: Potion            |       |       |       |     1 ||     1
Armor: Scale mail        |    30 |    29 |       |       ||    59
       Chain mail        |       |     9 |   117 |    49 ||   175
Dodge: Dodged            |    35 |    16 |    60 |    24 ||   135
Block: Buckler           |    22 |    19 |    17 |       ||    58
       Kite shield       |       |       |    17 |    21 ||    38

Table legend: (Time is in decaauts)
 A = Elapsed time spent in this place.
 B = Non-inter-level travel time spent in this place.
 C = Inter-level travel time spent in this place.
 D = Time resting spent in this place.
 E = Time spent auto-exploring this place.
 F = Levels seen in this place.
 G = Mean time per level.
                   A        B        C        D        E       F      G
               +--------+--------+--------+--------+--------+-----+--------+
         Total |  10014 |   9593 |    421 |   2128 |   5841 |  10 | 1001.4 |
       Dungeon |   9757 |   9378 |    379 |   2128 |   5636 |   9 | 1084.1 |
        Temple |    257 |    215 |     42 |      0 |    205 |   1 |  257.0 |
               +--------+--------+--------+--------+--------+-----+--------+

Top non-repeatable levels by time:
     D:6: 2226 daAuts
     D:4: 1590 daAuts
     D:2: 1226 daAuts
     D:1: 1039 daAuts
     D:7: 932 daAuts
     D:3: 836 daAuts
     D:5: 802 daAuts
     D:8: 768 daAuts
     D:9: 334 daAuts
  Temple: 257 daAuts
